 Dungeon Crawl Stone Soup version 0.19.0-2-gae57169 (webtiles) character file.

8178 evildog the Cleaver (level 11, -10/86 HPs)
             Began as a Formicid Fighter on Nov 4, 2016.
             Was a Believer of Qazlal.
             Mangled by an ice devil (23 damage)
             ... on level 11 of the Dungeon.
             The game lasted 00:25:10 (9426 turns).

evildog the Cleaver (Formicid Fighter)              Turns: 9426, Time: 00:25:11

Health: -10/86     AC: 22    Str: 25    XL:     11   Next: 51%
Magic:  16/16      EV:  8    Int:  9    God:    Qazlal [**....]
Gold:   268        SH: 15    Dex: 13    Spells: 0 memorised, 10 levels left

rFire  + . .     SeeInvis +     J - +2 war axe (venom)
rCold  . . .     Gourm    .     y - +6 chain mail of Xeej {Str+2}
rNeg   . . .     Faith    .     c - +1 shield
rPois  +         Spirit   .     (helmet unavailable)
rElec  .         Reflect  .     t - +2 cloak {rPois}
rCorr  .         Harm     .     B - +0 pair of gloves
MR     +....     Clarity  +     E - +0 pair of boots
Stlth  ..........               (no amulet)
                                H - ring of poison resistance
                                l - +3 ring of dexterity

@: no status effects
A: permanent stasis, dig shafts and tunnels, four strong arms, antennae 3,
clarity, fire resistance 1, sturdy frame 1
a: Dig, Shaft Self, Upheaval, Renounce Religion


You were on level 11 of the Dungeon.
You worshipped Qazlal.
Qazlal was pleased with you.
You were hungry.

You visited 2 branches of the dungeon, and saw 12 of its levels.
You also visited: Sewer and Ossuary.

You collected 872 gold pieces.
You spent 604 gold pieces at shops.

Inventory:

Hand Weapons
 J - a +2 war axe of venom (weapon)
Armour
 c - a +1 shield (worn)
 t - a +2 cloak of poison resistance (worn)
 y - the +6 chain mail of Xeej (worn) {Str+2}
   (You bought it in a shop on level 6 of the Dungeon)

   It affects your strength (+2).
 B - a +0 pair of gloves (worn)
 E - a +0 pair of boots (worn)
Jewellery
 l - a +3 ring of dexterity (left hand)
 H - a ring of poison resistance (right hand)
Wands
 a - a wand of iceblast (7/15)
 d - a wand of digging (24/24)
 j - a wand of confusion (36/48)
 M - a wand of paralysis (1/24)
Scrolls
 b - a scroll of immolation
 k - a scroll of enchant weapon
 m - a scroll of fear {unknown}
 o - 4 scrolls of enchant armour
 r - a scroll of fog
 u - 4 scrolls of remove curse
 w - 5 scrolls of amnesia
 A - a scroll of blinking {unknown}
 C - a scroll of silence
 G - 2 scrolls of recharging
Potions
 e - a potion of magic
 i - 6 potions of curing
 n - 2 potions of resistance
 p - a potion of lignification
 q - 2 potions of flight
 s - 2 potions of heal wounds
 v - 2 potions of ambrosia
 F - 2 potions of agility
 I - 3 potions of might
Miscellaneous
 D - a box of beasts
Comestibles
 f - 10 bread rations
 g - 9 fruits
 x - 6 beef jerkies
 z - 5 meat rations
 K - 11 chunks of flesh
 L - 7 slices of pizza


   Skills:
 * Level 8.3 Fighting
 + Level 11.9 Axes
 + Level 6.9 Armour
 + Level 7.6 Shields
 + Level 7.9 Invocations


You had 10 spell levels left.
You didn't know any spells.

Dungeon Overview and Level Annotations

Branches:
Dungeon (11/15)            Temple (1/1) D:7            Lair (0/6) D:8
    Orc (0/2) D:9

Altars:
Fedhas
Gozag
Hepliaklqana
Nemelex Xobeh
Okawaru
Qazlal
Ru
Trog
Vehumet
The Shining One

Shops:
D:6 [   D:9 [}:%(   D:11 :

Portals:
Ice
Cave: D:11


Innate Abilities, Weirdness & Mutations

You are under a permanent stasis effect.
You can dig through walls and to a lower floor.
Your four strong arms can wield two-handed weapons with a shield.
You have a pair of large antennae on your head. (SInv)
You possess an exceptional clarity of mind.
Your flesh is heat resistant. (rF+)
Your movements are slightly less encumbered by armour. (ER -2)


Message History

You barely miss the ice devil.
The ice devil hits you but does no damage.
There is an open door here.
You hit the ice devil but do no damage. The ice devil hits you.
The ice devil freezes you!!
You slash the ice devil!
The ice devil is poisoned.
The ice devil is moderately wounded.
You closely miss the ice devil.
The ice devil hits you but does no damage.
The ice devil hits you! The ice devil freezes you!!
* * * LOW HITPOINT WARNING * * *
You hit the ice devil.
The ice devil is moderately wounded.
You hit the ice devil but do no damage. You block the ice devil's attack. x2
Your chain mail of Xeej prevents you from hitting the ice devil.
The ice devil is moderately wounded.
You barely miss the ice devil. The ice devil hits you.
* * * LOW HITPOINT WARNING * * *
The ice devil freezes you!!
You die...

#.# #.# *#.#.###.#...#
#.## #.####......:#.#.#
#..# #.....)........#.#
##.# ################.#
#.# ****## *.# #.#
#####*,...# *.# #.#
#.+.##....# *,*
##.######### #.#4.....∩#
*,* #..........#
#.@4##....# *,*
#.^#######.###[###*,,..#
*,* #..# #.##..#
*****#***,* *#..#
#...#.#***** *,,,* ,...#
#..###.>,,,* ***** ###.#
*#.## *#...**
#.#****#.## *#..#
#.,,,,...,** **,###
*****####*,***,**


You could see 2 ice devils.

Vanquished Creatures
  Fannar (D:10)
  Erolcha (D:11)
  Erica (D:10)
  Psyche (D:10)
  2 trolls (D:11)
  A hippogriff (D:7)
  4 hogs (D:7)
  A human (D:7)
  9 yaks
  A steam dragon (D:10)
  A mottled dragon (D:11)
  2 orc warriors
  4 sky beasts
  Purgy (Sewer)
  3 ogres
  2 phantoms
  3 centaurs
  3 bullfrogs
  A scorpion (D:5)
  A water moccasin skeleton (D:5)
  The ghost of murphy the Chopper, a weakling MiBe of Trog (Ossuary)
  4 howler monkeys (D:10)
  4 crimson imps
  A bullfrog zombie (D:11)
  A centaur zombie (D:5)
  3 hounds
  2 jellies
  2 orc wizards
  2 bullfrog skeletons
  An iguana (D:6)
  4 orc priests
  Crazy Yiuf (D:3)
  Ijyb (D:3)
  Natasha (twice) (D:3)
  8 worker ants
  A killer bee zombie (D:7)
  A big kobold zombie (Ossuary)
  A hound zombie (D:9)
  8 mummies (Ossuary)
  A worker ant zombie (D:8)
  A howler monkey skeleton (D:7)
  16 adders
  2 shadow imps
  3 adder skeletons
  4 worms
  2 dart slugs
  5 leopard geckos
  39 orcs
  7 giant cockroaches
  5 goblins
  8 hobgoblins
  10 jackals
  2 quokkas
  4 ball pythons
  6 bats
  7 frilled lizards
  2 gnoll zombies (Ossuary)
  4 hobgoblin zombies (Ossuary)
  7 kobolds
  An orc zombie (Ossuary)
  11 rats
238 creatures vanquished.

Vanquished Creatures (collateral kills)
  An orc priest (D:10)
  An orc wizard (D:10)
  2 orcs (D:10)
4 creatures vanquished.

Grand Total: 242 creatures vanquished

Notes
Turn   | Place    | Note
-------+----------+-------------------------------------------
     0 | D:1      | evildog the Formicid Fighter began the quest for the Orb.
     0 | D:1      | Reached XP level 1. HP: 18/18 MP: 1/1
   117 | D:1      | Reached XP level 2. HP: 21/24 MP: 2/2
   363 | D:1      | Reached skill level 3 in Axes
   933 | D:2      | Reached XP level 3. HP: 29/29 MP: 3/3
  1074 | D:2      | Found a sacrificial altar of Ru.
  1100 | D:2      | Reached skill level 4 in Axes
  1100 | D:2      | Reached XP level 4. HP: 29/35 MP: 4/4
  1777 | D:3      | Noticed Natasha
  1783 | D:3      | Killed Natasha
  1783 | D:3      | Reached XP level 5. HP: 36/41 MP: 5/5
  1803 | D:3      | Reached skill level 5 in Axes
  2337 | D:3      | Noticed Natasha
  2354 | D:3      | Killed Natasha
  2354 | D:3      | Reached XP level 6. HP: 18/47 MP: 6/6
  2654 | D:3      | Found a runed door.
  2658 | D:3      | Noticed Crazy Yiuf
  2658 | D:3      | Noticed Ijyb
  2664 | D:3      | Killed Ijyb
  2664 | D:3      | Reached skill level 6 in Axes
  2670 | D:3      | Killed Crazy Yiuf
  3136 | D:4      | Found a sand-covered staircase.
  3144 | Ossuary  | Entered an ossuary
  3178 | Ossuary  | Reached XP level 7. HP: 19/52 MP: 7/7
  3185 | Ossuary  | Reached skill level 7 in Axes
  3324 | Ossuary  | Noticed murphy's ghost (weakling MiBe)
  3336 | Ossuary  | Killed murphy's ghost
  3933 | D:4      | Noticed a moth of wrath
  3953 | D:4      | Found a bloodstained altar of Trog.
  4072 | D:5      | Entered Level 5 of the Dungeon
  4193 | D:5      | Found a glowing drain.
  4197 | Sewer    | Entered a sewer
  4277 | Sewer    | Noticed Purgy
  4288 | Sewer    | Killed Purgy
  4288 | Sewer    | Reached skill level 8 in Axes
  4508 | D:5      | Reached XP level 8. HP: 57/58 MP: 8/8
  4671 | D:5      | Found a blossoming altar of Fedhas.
  4901 | D:5      | Found Lentestri's Magic Scroll Emporium.
  4924 | D:5      | Reached skill level 9 in Axes
  5328 | D:6      | Reached skill level 10 in Axes
  5334 | D:6      | Gained mutation: You possess an exceptional clarity of mind. [mutagenic meat]
  5335 | D:6      | Gained mutation: Your movements are slightly less encumbered by armour. (ER -2) [mutagenic meat]
  5336 | D:6      | Gained mutation: Your flesh is heat resistant. (rF+) [mutagenic meat]
  5562 | D:6      | Found Opocuemae's Antique Armour Shop.
  5565 | D:6      | Bought a faintly humming chain mail for 171 gold pieces
  5565 | D:6      | Bought a pair of gloves for 81 gold pieces
  5580 | D:6      | Identified the +6 chain mail of Xeej {Str+2} (You bought it in a shop on level 6 of the Dungeon)
  5933 | D:6      | Reached XP level 9. HP: 63/64 MP: 9/9
  6013 | D:7      | Found a staircase to the Ecumenical Temple.
  6018 | Temple   | Entered the Ecumenical Temple
  6029 | Temple   | Became a worshipper of Qazlal Stormbringer
  6125 | D:7      | Reached skill level 1 in Invocations
  6493 | D:7      | Reached skill level 11 in Axes
  6493 | D:7      | Reached skill level 5 in Shields
  6509 | D:7      | Reached skill level 5 in Invocations
  6509 | D:7      | Reached XP level 10. HP: 73/73 MP: 13/13
  6524 | D:7      | Reached skill level 5 in Fighting
  6536 | D:7      | Reached skill level 5 in Armour
  6574 | D:7      | Reached * piety under Qazlal
  6846 | D:8      | Found a staircase to the Lair.
  7562 | D:9      | Found Aceczoto's Weapon Boutique.
  7601 | D:9      | Found Iskeemam's Food Boutique.
  7824 | D:9      | Found a staircase to the Orcish Mines.
  7913 | D:9      | Found Efaudgh's Book Boutique.
  7926 | D:9      | Found Yzismes's Gadget Shop.
  7934 | D:9      | Bought a box of beasts for 240 gold pieces
  7950 | D:9      | Found Keatik's Antique Armour Emporium.
  7960 | D:9      | Bought a pair of boots for 112 gold pieces
  8128 | D:10     | Entered Level 10 of the Dungeon
  8134 | D:10     | Noticed Erica
  8329 | D:10     | Noticed Fannar
  8343 | D:10     | Killed Fannar
  8495 | D:10     | Reached XP level 11. HP: 83/84 MP: 16/16
  8503 | D:10     | Killed Erica
  8789 | D:10     | Reached ** piety under Qazlal
  9004 | D:10     | Noticed Psyche
  9012 | D:10     | Killed Psyche
  9331 | D:11     | Found Geuwk's Book Boutique.
  9362 | D:11     | Noticed Erolcha
  9373 | D:11     | Killed Erolcha
  9416 | D:11     | Found a frozen archway.
  9426 | D:11     | Mangled by an ice devil

Skill      XL: |  1  2  3  4  5  6  7  8  9 10 11 |
---------------+----------------------------------+-----
Axes           | 3 4 5 6 8 10 11 | 11.9
Invocations    | 5 7 |  7.9
Shields        | 5 6 7 |  7.6
Fighting       | 4 7 8 |  8.3
Armour         | 4 6 |  6.9

Action                   |  1- 3 |  4- 6 |  7- 9 | 10-12 || total
-------------------------+-------+-------+-------+-------++-------
Melee: War axe           |    83 |   199 |   388 |   303 ||   973
Evoke: Box of beasts     |       |       |       |     5 ||     5
  Use: Potion            |       |     2 |       |     4 ||     6
       Scroll            |       |       |    15 |     7 ||    22
  Eat: Chunk             |       |     8 |    14 |     9 ||    31
Armor: Scale mail        |    54 |    93 |   110 |       ||   257
       Chain mail        |       |       |    73 |    78 ||   151
Dodge: Dodged            |    23 |    62 |    94 |    53 ||   232
Block: Shield            |    44 |   113 |   188 |   162 ||   507
